 Dungeon Crawl Stone Soup version 0.24.1-14-gf8d2b509d9 (webtiles) character file.

Game seed: 239615516526521762, levelgen mode: deterministic

37 tkbsonic5 the Sneak (level 3, -1/16 HPs)
             Began as a Spriggan Conjurer on Dec 3, 2022.
             Slain by Terence
             ... wielding a +0 mace
              (6 damage)
             ... on level 2 of the Dungeon.
             The game lasted 00:12:34 (1086 turns).

tkbsonic5 the Sneak (Spriggan Conjurer)             Turns: 1086, Time: 00:12:35

Health: -1/16      AC:  3    Str:  4    XL:     3   Next: 21%
Magic:  0/8        EV: 19    Int: 17    God:
Gold:   51         SH:  0    Dex: 16    Spells: 2/8 levels left

rFire    . . .     SeeInvis +   h - +0 short sword
rCold    . . .     Gourm    .   (shield restricted)
rNeg     . . .     Faith    .   a - +1 robe
rPois    .         Spirit   .   (helmet restricted)
rElec    .         Reflect  .   (no cloak)
rCorr    .         Harm     .   (gloves unavailable)
MR       .....                  (boots unavailable)
Stlth    +++.......             (no amulet)
HPRegen  0.05/turn              (no ring)
MPRegen  0.11/turn              (no ring)

@: very quick
A: very small, unfitting armour, see invisible, herbivore, speed 3, slow
metabolism 2
a: no special abilities


You were on level 2 of the Dungeon.
You were not hungry.

You visited 1 branch of the dungeon, and saw 2 of its levels.

You collected 51 gold pieces.

Inventory:

Hand Weapons
 e - a +0 club
 f - a +0 hunting sling
 h - a +0 short sword (weapon)
 i - a +0 dagger
Missiles
 g - 73 arrows
 m - 35 stones (quivered)
Armour
 a - a +1 robe (worn)
 d - a +0 pair of gloves
Scrolls
 j - 3 scrolls of identify
Potions
 b - a potion of heal wounds
 k - a potion of cancellation
Comestibles
 c - 4 rations


   Skills:
 * Level 0.2 Fighting
 * Level 0.2 Short Blades
 * Level 0.1 Slings
 + Level 3.4 Dodging
 + Level 3.4 Stealth
 * Level 3.3 Spellcasting
 * Level 3.2 Conjurations
 * Level 0.4 Hexes


You had 2 spell levels left.
You knew the following spells:

 Your Spells              Type           Power        Failure   Level  Hunger
a - Magic Dart            Conj           ##..         4%          1    None
b - Searing Ray           Conj           ##....       7%          2    ##.....
c - Dazzling Spray        Conj/Hex       #.....       24%         3    ###....

Your spell library contained the following spells:

 Spells                   Type           Power        Failure   Level  Hunger
 Iskenderun's Mystic Bla  Conj           ##......     41%         4    ####...
 Fulminant Prism          Conj/Hex       #.........   63%         4    ####...
 Force Lance              Conj/Tloc      #.......     65%         4    ####...


Dungeon Overview and Level Annotations

Branches:
Dungeon (2/15)

Altars:
Elyvilon
Uskayaw

Annotations:
D:2 Terence


Innate Abilities, Weirdness & Mutations

You are very small and have problems with some larger weapons.
You are too small for most types of armour.
You have supernaturally acute eyesight. (SInv)
You are a herbivore.
You cover ground extremely quickly.
You need to consume almost no food.


Message History

Terence is severely wounded.
Terence is no longer blind.
Terence hits you with a +0 mace.
Casting: Dazzling Spray (safe; 24% risk of failure)
Confirm with . or Enter, or press ? or * to list all spells.
Aiming: Magic Dart (safe; 4% risk of failure)
Press: ? - help, Shift-Dir - straight line, f/p - Terence
Aim: Terence, wielding a +0 mace and wearing a +0 chain mail (severely wounded)
The magic dart hits Terence.
Terence is severely wounded.
Terence hits you with a +0 mace.
You closely miss Terence.
Terence is severely wounded.
You hit Terence but do no damage.
Terence is severely wounded.
Terence closely misses you.
You hit Terence but do no damage.
Terence is severely wounded.
Terence shouts, "Now you die!" Terence hits you with a +0 mace.
You die...

##...?#..#..# *,*
#..###..#.## *,*
#...g.(....######
*,*
#.####..g..g....#
*,*
#.#**###...####.#
*,* #..,......##
#g# *,*
#..,####### #g#
*,* *#.*,*** #@#
*,* ,..*,,,* #@#
*,* ,*****,* ###
*** ,,,*,,,*
**,*,***
*,,,************
***** *****
****,,,,,,,,,,,*
*,,,*** **,,*,
*,***********
*,,,+,****,,,,,
*,* ******
*,,,**,,*,,,,,,
*,* *,,,,*
********,*,,,**


You could see Terence, a hobgoblin and a goblin.

Vanquished Creatures
  A gnoll (D:1)
  An ooze (D:1)
  2 bats (D:2)
  A giant cockroach (D:1)
  4 goblins
  3 hobgoblins (D:1)
  3 frilled lizards (D:1)
  4 kobolds
  3 rats
22 creatures vanquished.

Notes
Turn   | Place    | Note
-------+----------+-------------------------------------------
     0 | D:1      | tkbsonic5 the Spriggan Conjurer began the quest for the
                  | Orb.
     0 | D:1      | Reached XP level 1. HP: 9/9 MP: 5/5
   317 | D:1      | Reached XP level 2. HP: 12/13 MP: 0/7
   372 | D:1      | Learned a level 2 spell: Searing Ray
   751 | D:1      | Reached XP level 3. HP: 16/16 MP: 6/8
   801 | D:1      | Learned a level 3 spell: Dazzling Spray
   878 | D:2      | Found a hide-covered altar of Uskayaw.
   935 | D:2      | Found a white marble altar of Elyvilon.
   971 | D:2      | Noticed Terence
  1086 | D:2      | Slain by Terence

Levels and vault maps discovered:
D:1:      minmay_arrival_open_corners, layout_rooms, minmay_pentomino_r4
D:2:      layout_loops_ring, elyvilon_altar_4, lemuel_doored_altar,
          first_ration, nemelex_dance_club_becter, uniq_natasha,
          uniq_crazy_yiuf_cottage, uniq_robin, uniq_terence

Skill      XL: |  1 |
---------------+----+-----
Conjurations   | 3 |  3.2
Spellcasting   | 3 |  3.3
Fighting       | |  0.2
Short Blades   | |  0.2
Slings         | |  0.1
Dodging        | |  3.4
Stealth        | |  3.4
Hexes          | |  0.4

Action                   || total
-------------------------++-------
Melee: Short sword       ||    30
 Fire: Hunting sling     ||    29
 Cast: Magic Dart        ||    38
       Searing Ray       ||     4
       Dazzling Spray    ||     2
  Use: Scroll            ||     7
Armor: Robe              ||     4
Dodge: Dodged            ||    31
